 Dungeon Crawl Stone Soup version 0.30.1-3-gfc49f6343a (webtiles) character file.

Game seed: 14212926798571511312

285 Jebus the Conjurer (level 6, -1/46 HPs)
             Began as a Draconian Conjurer on July 29, 2023.
             Slain by a killer bee (4 damage)
             ... on level 3 of the Dungeon.
             The game lasted 00:07:34 (3438 turns).

Jebus the Conjurer (Draconian Conjurer)             Turns: 3438, Time: 00:07:35

Health: -1/46      AC:  7    Str: 10    XL:     6   Next: 7%
Magic:  10/10      EV: 12    Int: 20    God:
Gold:   103        SH:  0    Dex:  9    Spells: 8/11 levels left

rFire   . . .        g - +1 mace (holy)
rCold   . . .        (no shield)
rNeg    . . .        (body armour unavailable)
rPois   .            (helmet restricted)
rElec   .            p - +0 cloak
rCorr   .            (no gloves)
SInv    .            (no boots)
Will    .....        (no amulet)
Stlth   ++           (no ring)
HPRegen 0.27/turn    (no ring)
MPRegen 0.12/turn

%: no passive effects
@: lethally poisoned (-1 -> -21)
A: AC +6, unfitting armour, cold-blooded
a: no special abilities


You were on level 3 of the Dungeon.
You visited 1 branch of the dungeon, and saw 4 of its levels.

You collected 103 gold pieces.

Inventory:

Hand Weapons
 g - a +1 mace of holy wrath (weapon)
Armour
 p - a +0 cloak (worn)
Jewellery
 j - an amulet of guardian spirit
Scrolls
 b - a scroll of enchant armour {unknown}
 c - a scroll of blinking {unknown}
 d - a scroll of noise {unknown}
 e - a scroll of brand weapon {unknown}
 h - a scroll of fear {unknown}
 i - a scroll of silence
 l - 2 scrolls of teleportation {unknown}
 n - a scroll of immolation {unknown}
Potions
 a - a potion of magic
 f - 3 potions of curing
 k - a potion of cancellation {unknown}
 m - 2 potions of brilliance
 o - a potion of flight {unknown}


   Skills:
 + Level 0.4 Fighting
 + Level 2.4 Maces & Flails
 - Level 2.0 Dodging
 - Level 2.0 Stealth
 - Level 3.0 Spellcasting
 + Level 6.1 Conjurations


You had 8 spell levels left.
You knew the following spells:

 Your Spells              Type           Power      Damage    Failure   Level
a - Magic Dart            Conj           100%       1d8       1%          1
b - Searing Ray           Conj           54%        2d6       1%          2

Your spell library contained the following spells:

 Spells                   Type           Power      Damage    Failure   Level
 Static Discharge         Conj/Air       30%        2-4/arc   6%          2
 Dazzling Flash           Conj/Hex       30%        N/A       12%         3
 Hailstorm                Conj/Ice       15%        3d5       12%         3
 Freeze                   Ice            12%        1d3       14%         1
 Frozen Ramparts          Ice            6%         1d1       38%         3
 Fulminant Prism          Conj/Hex       7%         3d7       38%         4
 Iskenderun's Mystic Bla  Conj/Tloc      15%        2d5       38%         4
 Airstrike                Air            1%         2d(1-17)  80%         4
 Summon Lightning Spire   Summ/Air       3%         N/A       80%         4


Dungeon Overview and Level Annotations

Branches:
Dungeon (4/15)
 Temple: D:4-7

Altars:
Okawaru
Wu Jian
Xom


Innate Abilities, Weirdness & Mutations

Your plain brown scales are hard. (AC +6)
You cannot fit into any form of body armour.
You are cold-blooded and may be slowed by cold attacks.


Message History

Beogh smites you!
The killer bee attacks as you move away!
The killer bee stings you. The killer bee closely misses you.
The killer bee buzzes angrily.
The killer bee closely misses you. x2
The killer bee stings you but does no damage.
The killer bee closely misses you. The killer bee misses you.
The killer bee barely misses you. The killer bee stings you.
You are poisoned.
The killer bee poisons you!
You feel sick.
The killer bee stings you but does no damage.
The killer bee attacks as you move away!
The killer bee barely misses you.
You feel sick.
The killer bee stings you but does no damage.
The killer bee stings you. x2
There is an escape hatch in the ceiling here.
You feel sick. The killer bee closely misses you.
The killer bee stings you but does no damage.
The killer bee stings you.
You are more poisoned.
The killer bee poisons you! A mysterious force pulls you upwards.
The hatch slams shut behind you.
You feel sick.
The killer bee attacks as you move away!
The killer bee stings you.
* * * LOW HITPOINT WARNING * * *
You are lethally poisoned!
The killer bee poisons you!
The killer bee attacks as you move away!
The killer bee closely misses you.
* * * LOW HITPOINT WARNING * * *
You feel very sick. The killer bee stings you.
* * * LOW HITPOINT WARNING * * *
You are more poisoned.
The killer bee poisons you! The killer bee closely misses you.
The killer bee stings you.
You die...

.# ##'## #.........# #.### .#
##...## #.#.......# #...#
.###.....## #.###†##.## ###.##
.##.......###.##..##.# ##...##
.#.........##.#...##.######.#...#
.'.........'.....................
.#.........##.#...##.#####.#.....
.##.......###..yyy...# #.#.#.#.
####.....## ####@##### ##..##.#
...##...## #.# ##...## ##.###+##
#.# ##.### #.# #.# #.# #.>.###
##.# #.# #.# #.#.... ...###.##
#.# #...### ...##...### #.# #####
##.#......######.#
#.##....#...._..#


You could see 3 killer bees.

Vanquished Creatures
  Sigmund (D:3)
  An iguana (D:3)
  3 adders (D:2)
  A worm (D:2)
  A dart slug (D:2)
  8 ball pythons
  5 bats
  5 endoplasms
  2 giant cockroaches (D:2)
  7 goblins
  12 hobgoblins
  3 quokkas
  A frilled lizard (D:2)
  3 kobolds (D:2)
  3 rats
56 creatures vanquished.

Notes
Turn   | Place    | Note
-------+----------+-------------------------------------------
     0 | D:1      | Jebus the Draconian Conjurer began the quest for the Orb.
     0 | D:1      | Reached XP level 1. HP: 14/14 MP: 3/3
   232 | D:1      | Reached XP level 2. HP: 20/20 MP: 3/5
   257 | D:1      | Learned a level 2 spell: Searing Ray
  1091 | D:2      | Reached XP level 3. HP: 26/26 MP: 1/6
  1696 | D:2      | Reached skill level 5 in Conjurations
  1756 | D:2      | Reached XP level 4. HP: 33/33 MP: 4/7
  1808 | D:2      | Found a shimmering altar of Xom.
  2214 | D:3      | Noticed Sigmund
  2616 | D:3      | Found an iron altar of Okawaru.
  2708 | D:3      | Found a faded altar of an unknown god.
  2922 | D:3      | Killed Sigmund
  2923 | D:3      | Reached skill level 6 in Conjurations
  2923 | D:3      | Reached XP level 5. HP: 35/39 MP: 3/9
  3213 | D:3      | Found an ornate altar of the Wu Jian Council.
  3310 | D:3      | Reached XP level 6. HP: 45/46 MP: 1/10
  3438 | D:3      | Slain by a killer bee

Illustrated notes

Levels and vault maps discovered:
D:1:      lightli_arrival_maybe_door_vault, layout_basic
D:2:      layout_loops_ring, basic_altar, minmay_strange_pillars
D:3:      layout_loops_corners, mainiacjoe_overflow_big_doors,
          basic_ecumenical_altar, minmay_distorted, uniq_sigmund
D:4:      layout_gridville, nicolae_overflow_crystal_walls,
          minmay_misc_feat_plants, uniq_ijyb, uniq_grinder

Skill      XL: |  1  2  3  4 |
---------------+-------------+-----
Stealth        | 2 |  2.0
Dodging        | 2 |  2.0
Conjurations   | 5 6 |  6.1
Maces & Flails | 2 |  2.4
Spellcasting   | 3 |  3.0
Fighting       | |  0.4

Action                     |  1- 3 |  4- 6 || total
---------------------------+-------+-------++-------
  Melee: Mace              |    22 |       ||    22
         Tailslap          |     2 |       ||     2
   Cast: Magic Dart        |    59 |    44 ||   103
         Searing Ray       |     3 |     2 ||     5
    Use: Scroll            |       |     4 ||     4
   Stab: Sleeping          |     2 |       ||     2
 Armour: Skin              |    13 |    14 ||    27
  Dodge: Dodged            |    18 |    23 ||    41
